 Dungeon Crawl Stone Soup version 0.24.0-123-gd5b16e6ec5 (webtiles) character file.

Game seed: 8949057256299737273, levelgen mode: deterministic

198 Descartes the Skirmisher (level 6, -2/49 HPs)
             Began as a Formicid Abyssal Knight on Jan 5, 2020.
             Was a Believer of Lugonu.
             Killed by nerve-wracking pain
             ... invoked by an orc priest
              (13 damage)
             ... on level 4 of the Dungeon.
             The game lasted 00:06:35 (4249 turns).

Descartes the Skirmisher (Formicid Abyssal Knight)  Turns: 4249, Time: 00:06:36

Health: -2/49      AC:  9    Str: 19    XL:     6   Next: 5%
Magic:  7/7        EV:  8    Int: 11    God:    Lugonu [**....]
Gold:   122        SH:  0    Dex: 10    Spells: 5/5 levels left

rFire    . . .     SeeInvis +   a - +1 falchion
rCold    . . .     Gourm    .   (no shield)
rNeg     . . .     Faith    .   u - +0 chain mail
rPois    .         Spirit   .   (helmet unavailable)
rElec    .         Reflect  .   (no cloak)
rCorr    .         Harm     .   (no gloves)
MR       .....                  (no boots)
Stlth    ..........             (no amulet)
HPRegen  0.16/turn              (no ring)
MPRegen  0.10/turn              (no ring)

@: no status effects
A: permanent stasis, dig shafts and tunnels, four strong arms, antennae 3
a: Dig, Shaft Self, Depart the Abyss, Bend Space, Renounce Religion


You were on level 4 of the Dungeon.
You worshipped Lugonu.
Lugonu was pleased with you.
You were hungry.

You visited 1 branch of the dungeon, and saw 4 of its levels.
You visited the Abyss 1 time.

You collected 122 gold pieces.

Inventory:

Hand Weapons
 a - a +1 falchion (weapon)
 b - a +0 hunting sling
 q - a +0 arbalest
 r - a +0 morningstar
Missiles
 g - 90 stones (quivered)
 h - 28 arrows
 o - 4 sling bullets
Armour
 u - a +0 chain mail (worn)
Scrolls
 d - a scroll of immolation {unknown}
 i - 2 scrolls of remove curse {unknown}
 l - 6 scrolls of identify {unknown}
 m - a scroll of amnesia {unknown}
 n - a scroll of enchant armour {unknown}
Potions
 e - 7 potions of heal wounds {unknown}
 f - 3 potions of berserk rage {unknown}
 j - 3 potions of curing {unknown}
 k - 3 potions of agility {unknown}
 p - a potion of brilliance {unknown}
 t - a potion of flight {unknown}
Comestibles
 c - 7 rations


   Skills:
 + Level 4.4 Fighting
 + Level 4.1 Long Blades
 + Level 3.2 Armour
 + Level 1.6 Dodging
 + Level 0.5 Stealth
 + Level 2.3 Invocations


You had 5 spell levels left.
You didn't know any spells.
Your spell library was empty.

Dungeon Overview and Level Annotations

Branches:
Dungeon (4/15)
 Temple: D:4-7

Altars:
Vehumet
Xom


Innate Abilities, Weirdness & Mutations

You cannot be hasted, slowed, berserked, paralysed or teleported.
You can dig through walls and to a lower floor.
Your four strong arms can wield two-handed weapons with a shield.
You have a pair of large antennae on your head. (SInv)


Message History

You barely miss the orc priest.
The orc priest is severely wounded.
The orc priest hits you but does no damage.
You closely miss the orc priest.
The orc priest is severely wounded.
The orc priest invokes the aid of Beogh against you.
Beogh smites you!
You closely miss the orc priest.
The orc priest is severely wounded.
The orc priest calls down the wrath of Beogh upon you.
Pain shoots through your body!
* * * LOW HITPOINT WARNING * * *
You closely miss the orc priest.
The orc priest is severely wounded.
The orc priest closely misses you.
You hit the orc priest but do no damage.
The orc priest is severely wounded.
The orc priest invokes the aid of Beogh against you.
Pain shoots through your body!
You die...

###.#.Z..o<...................
#.###....##.###.............
#.# #...###.# #..............#
#.# #.#.# #.# #..............
#.. #.#.# #.###.............#
.. ..... #>.. #..>.......#
.?.#.#.##.. #.........#
...........o###.........#
.......@...........#
.#.####..#.........#
......%...........#
#..######........<# .
#.......[.# ##..####### ##.#
#.# #..


You could see an orc priest.

Vanquished Creatures
  A crimson imp (D:2)
  An orc priest (D:3)
  A worker ant (D:4)
  5 adders
  A worm (D:2)
  2 dart slugs (D:1)
  2 leopard geckos (D:1)
  9 orcs
  4 goblins
  4 hobgoblins
  2 jackals (D:2)
  5 kobolds
  A quokka (D:2)
  3 bats (D:1)
  4 frilled lizards
  A leopard gecko skeleton (D:4)
  10 rats
56 creatures vanquished.

Notes
Turn   | Place    | Note
-------+----------+-------------------------------------------
     0 | Abyss:1  | Descartes the Formicid Abyssal Knight began the quest for
                  | the Orb.
     0 | Abyss:1  | Reached XP level 1. HP: 18/18 MP: 2/2
    29 | Abyss:2  | Noticed a raiju
    50 | D:1      | Escaped the Abyss
   341 | D:1      | Reached XP level 2. HP: 24/24 MP: 3/3
   780 | D:1      | Reached XP level 3. HP: 27/30 MP: 4/4
  1588 | D:2      | Reached ** piety under Lugonu
  1642 | D:2      | Found a radiant altar of Vehumet.
  1642 | D:2      | Found a shimmering altar of Xom.
  1730 | D:2      | Reached skill level 1 in Dodging
  1730 | D:2      | Reached XP level 4. HP: 26/37 MP: 5/5
  3052 | D:3      | Reached XP level 5. HP: 29/42 MP: 6/6
  3967 | D:3      | Reached XP level 6. HP: 12/49 MP: 7/7
  4249 | D:4      | Killed from afar by an orc priest

Levels and vault maps discovered:
D:1:      kilobyte_arrival_exit_the_forest, layout_loops_ring,
          chequers_decorated_corner
D:2:      layout_loops_corners, gammafunk_temple_overflow_pools
D:3:      layout_rooms, minmay_liquid_box, minivault_4,
          kennysheep_generic_room_8
D:4:      layout_rooms, kennysheep_mini, ebering_ghost_sewer_f

Skill      XL: |  1  2  3  4  5 |
---------------+----------------+-----
Fighting       | 4 |  4.4
Dodging        | 1 |  1.6
Long Blades    | 3 4 |  4.1
Armour         | 3 |  3.2
Stealth        | |  0.5
Invocations    | |  2.3

Action                   |  1- 3 |  4- 6 || total
-------------------------+-------+-------++-------
Melee: Falchion          |    87 |   159 ||   246
 Abil: Dig               |     3 |     1 ||     4
  Eat: Chunk             |     3 |     8 ||    11
Armor: Leather armour    |    26 |     8 ||    34
       Scale mail        |       |    28 ||    28
       Ring mail         |       |     6 ||     6
       Chain mail        |       |    17 ||    17
Dodge: Dodged            |    51 |    85 ||   136
       Rpst.: Falchion   |    16 |    34 ||    50
